 Dungeon Crawl Stone Soup version 0.14.0-12-g87ee3b7 (webtiles) character file.

16025 Aelig the Marksgargoyle (level 12, 51/60 HPs)
             Began as a Gargoyle Hunter on Apr 16, 2014.
             Was a High Priest of Okawaru.
             Quit the game on Level 1 of the Lair of Beasts on Apr 17, 2014.
             The game lasted 01:34:32 (15743 turns).

Aelig the Marksgargoyle (Gargoyle Hunter)          Turns: 15743, Time: 01:34:32

HP  51/60        AC 20     Str 17      XL: 12   Next: 26%
MP  19/19        EV 16     Int 12      God: Okawaru [*****.]
Gold 686         SH  0     Dex 14      Spells:  0 memorised, 11 levels left

rFire  . . .     SeeInvis .     a - +2 trident (venom)
rCold  . . .     Clarity  .     d - +0 leather armour
rNeg   + + .     Conserve .     (no shield)
rPois  +         rCorr    .     (no helmet)
rElec  +         rRot     +     W - +0 cloak
SustAb . .       Spirit   .     U - +0 pair of gloves
rMut   .         Warding  +     x - +1 pair of boots
Saprov . . .     Stasis   .     u - amulet of warding
MR     .....                    A - +0,+6 ring of slaying
                                L - +5 ring of protection

@: very slightly contaminated, not resistant to hostile enchantments, unstealthy
A: life protection 1, electricity resistance, unbreathing, petrification
resistance, AC +8
a: Heroism, Finesse, Renounce Religion


You were on level 1 of the Lair of Beasts.
You worshipped Okawaru.
Okawaru was extremely pleased with you.
You were not hungry.

You visited 3 branches of the dungeon, and saw 17 of its levels.

You collected 686 gold pieces.

Inventory:

Hand weapons
 a - a +2,+2 trident of venom (weapon)
 b - a +1,+1 bow
Missiles
 G - 16 arrows of flame
 R - 19 arrows
 V - 13 arrows of frost
Armour
 d - a +0 leather armour (worn)
 x - a +1 pair of boots (worn)
 U - a +0 pair of gloves (worn)
 W - a +0 cloak (worn)
Magical devices
 t - a wand of fireball (2)
 M - a wand of flame (6)
 Q - a wand of digging (9)
Comestibles
 f - 3 bread rations
 I - a royal jelly
Scrolls
 e - a scroll of remove curse
 i - a scroll of magic mapping
 j - 2 scrolls of identify
 p - 2 scrolls of teleportation
 F - 2 scrolls of blinking
Jewellery
 u - an amulet of warding (around neck)
 A - a +0,+6 ring of slaying (right hand)
 H - an uncursed ring of ice
 K - an uncursed ring of fire
 L - a +5 ring of protection (left hand)
Potions
 g - 3 potions of curing
 h - a potion of invisibility
 o - a potion of might
 r - a potion of heal wounds
 z - a potion of haste
 J - a potion of agility


   Skills:
 - Level 1.1 Fighting
 - Level 16.0 Bows
 + Level 8.5 Dodging
 - Level 1.1 Stealth
 * Level 4.0 Invocations


You had 11 spell levels left.
You didn't know any spells.

Dungeon Overview and Level Annotations

Branches:
Dungeon (11/15)            Temple (1/1) D:4             Orc (0/4) D:11
   Lair (5/8) D:11
  Swamp: Lair:3-6    Shoals: Lair:3-6     Snake: Lair:3-6    Spider: Lair:3-6

Altars:
Cheibriados
Dithmenos
Makhleb
Okawaru
Trog
Yredelemnul
The Shining One

Shops:
D:5 (

Annotations:
D:3 Grinder
D:8 exclusion: downstairs
D:9 exclusion: downstairs, Erolcha
D:10 exclusion: downstairs
Lair:1 exclusions: downstairs and 2 more exclusions


Innate Abilities, Weirdness & Mutations

You are resistant to torment.
You are immune to poison.
You are immune to rotting.
Your stone body is very resilient (AC +8).
You resist negative energy.
You are resistant to electric shocks.
You can survive without breathing.
You are immune to petrification.


Message History

You drop a scroll of teleportation.
You drop a scroll of noise.
You drop a scroll of vulnerability.
You drop a scroll of amnesia.
You drop a scroll of torment.
Save game and exit?
Okay, then.
Use which ability? (? or * to list)
Okay, then.
Save game and exit?
Level annotation: exclusions: downstairs and 2 more exclusions Welcome back, Aelig the Gargoyle Hunter.
Okawaru says: Bring me glory in combat!
Press ? for a list of commands and other information.
Save game and exit?
Level annotation: exclusions: downstairs and 2 more exclusions Welcome back, Aelig the Gargoyle Hunter.
Okawaru says: Bring me glory in combat!
Press ? for a list of commands and other information.
Are you sure you want to abandon this character and quit the game? (Confirm with "yes".)

#..# ##..# ##### ### #..##
###.#.########.# ######'####
#.............## ##.........#
#.............# #..........#
#.............##
##.........###.......[.....P#
#.........'.#.............P#
#..............@.<........##
##.........##..............#
.'.........###.............#
##.........###.............#
##..........###'.###########
#.........## #......#
###+#####P# #####..## ###.#
### ####'P## #...# ##...[..#


There were no monsters in sight!

Vanquished Creatures
  2 hydras (Lair:2)
  A hill giant (D:10)
  2 black mambas
  3 spiny frogs
  A feature mimic (D:10)
  A troll (D:9)
  A komodo dragon (Lair:3)
  2 ravens (Lair:4)
  2 basilisks
  22 yaks
  2 deep elf magi (D:9)
  Eustachio (D:8)
  A spriggan (D:8)
  A hungry ghost (D:10)
  3 hippogriffs
  7 porcupines
  2 orc warriors
  4 black bears
  An ice beast (D:10)
  3 ogres
  A phantom (D:5)
  4 sky beasts
  3 centaurs
  6 crocodiles
  A big kobold (D:7)
  A gnoll sergeant (D:5)
  4 giant slugs
  7 giant frogs
  A wyvern zombie (D:7)
  3 jellies
  5 killer bees
  4 scorpions
  2 goliath beetles
  An electric eel (Lair:2)
  3 crimson imps (D:5)
  3 wights (D:8)
  2 centaur zombies (D:8)
  7 orc priests
  12 hounds
  An elf skeleton (D:10)
  4 iguanas
  7 orc wizards
  Natasha (thrice) (D:4)
  6 worker ants
  6 sheep (Lair:3)
  Ijyb (D:2)
  An orc zombie (D:5)
  11 adders
  22 green rats
  9 gnolls
  2 inept feature mimics
  2 shadow imps
  A giant mite (D:6)
  A goliath beetle zombie (D:9)
  4 worms
  An adder skeleton (D:7)
  A giant eyeball (D:9)
  10 giant geckos
  25 orcs
  4 ball pythons
  17 bats
  A bat skeleton (D:4)
  4 giant cockroaches
  9 hobgoblins
  13 jackals
  6 quokkas
  A giant gecko zombie (D:5)
  7 giant newts
  11 goblins
  A goblin zombie (D:8)
  A jackal skeleton (D:8)
  A jackal zombie (D:6)
  20 kobolds
  16 rats
  A fungus (Lair:4)
  A plant (Lair:3)
364 creatures vanquished.

Vanquished Creatures (others)
  A fungus (Lair:2)
1 creature vanquished.

Grand Total: 365 creatures vanquished

Notes
Turn   | Place    | Note
--------------------------------------------------------------
     0 | D:1      | Aelig, the Gargoyle Hunter, began the quest for the Orb.
     0 | D:1      | Reached XP level 1. HP: 12/12 MP: 1/1
   297 | D:1      | Reached XP level 2. HP: 10/16 MP: 2/2
  1051 | D:2      | Noticed Ijyb
  1068 | D:2      | Killed Ijyb
  1068 | D:2      | Reached skill level 5 in Bows
  1068 | D:2      | Reached XP level 3. HP: 20/20 MP: 3/3
  1284 | D:2      | Reached XP level 4. HP: 17/25 MP: 4/4
  1970 | D:3      | Noticed Grinder
  2343 | D:3      | Paralysed by Grinder for 6 turns
  2367 | D:4      | Reached skill level 6 in Bows
  2367 | D:4      | Reached XP level 5. HP: 19/29 MP: 5/5
  2454 | D:4      | Noticed Natasha
  2499 | D:4      | Killed Natasha
  2768 | D:5      | Entered Level 5 of the Dungeon
  2771 | D:5      | Reached skill level 7 in Bows
  2771 | D:5      | Reached XP level 6. HP: 25/34 MP: 6/6
  3029 | D:5      | Reached skill level 8 in Bows
  3085 | D:5      | Noticed an ogre
  3100 | D:5      | Reached XP level 7. HP: 19/38 MP: 7/7
  3276 | D:5      | Killed an ogre
  3626 | D:5      | Reached skill level 9 in Bows
  3821 | D:5      | Reached XP level 8. HP: 39/43 MP: 8/8
  3862 | D:5      | Noticed an ogre
  3867 | D:5      | Killed an ogre
  3894 | D:5      | Found Fiabb's Antique Weapon Boutique.
  3912 | D:6      | Reached skill level 10 in Bows
  4017 | D:5      | Noticed a sky beast
  4045 | D:5      | Killed a sky beast
  4118 | D:5      | Noticed a centaur
  4134 | D:5      | Killed a centaur
  4628 | D:6      | Reached skill level 11 in Bows
  4717 | D:6      | Found a bloodstained altar of Trog.
  4786 | D:7      | Reached XP level 9. HP: 33/47 MP: 9/9
  5328 | D:7      | Reached skill level 12 in Bows
  6092 | D:7      | Reached skill level 13 in Bows
  6201 | D:8      | Found Caishrav's Assorted Antiques.
  6242 | D:8      | Caishrav's Assorted Antiques was a mimic.
  6584 | D:9      | Noticed Erolcha
  6626 | D:8      | Noticed Eustachio
  6635 | D:8      | Killed Eustachio
  6731 | D:8      | Found a basalt altar of Yredelemnul.
  6774 | D:8      | Reached XP level 10. HP: 48/52 MP: 10/10
  6925 | D:8      | Reached skill level 14 in Bows
  7574 | D:4      | Noticed Natasha
  7574 | D:4      | Killed Natasha
  7601 | D:4      | Found a staircase to the Ecumenical Temple.
  7629 | D:4      | Noticed Natasha
  7631 | D:4      | Killed Natasha
  7652 | Temple   | Entered the Ecumenical Temple
  7678 | Temple   | Became a worshipper of Warmaster Okawaru
  8522 | D:10     | Entered Level 10 of the Dungeon
  8573 | D:10     | Reached skill level 1 in Invocations
  8983 | D:10     | Noticed a hill giant
  9198 | D:10     | Acquired Okawaru's first power
  9198 | D:10     | Reached skill level 15 in Bows
  9495 | D:10     | Killed a hill giant
  9695 | D:10     | Reached XP level 11. HP: 23/56 MP: 17/17
 10025 | D:11     | Found a staircase to the Orcish Mines.
 10484 | D:11     | Noticed a seven-headed hydra
 10583 | D:11     | Found a staircase to the Lair.
 10587 | Lair:1   | Entered Level 1 of the Lair of Beasts
 11207 | Lair:1   | Noticed a tengu warrior
 11598 | Lair:1   | Reached skill level 16 in Bows
 12208 | Lair:2   | Noticed a seven-headed hydra
 12652 | Lair:2   | Received a gift from Okawaru
 12957 | Lair:2   | Killed a seven-headed hydra
 13054 | Lair:3   | Reached skill level 5 in Dodging
 13058 | Lair:3   | Received a gift from Okawaru
 13647 | Lair:2   | Noticed an eight-headed hydra
 13661 | Lair:2   | Killed an eight-headed hydra
 14172 | Lair:3   | Reached XP level 12. HP: 54/60 MP: 19/19
 15455 | Lair:4   | Acquired Okawaru's second power
 15743 | Lair:1   | Quit the game

Action                   |  1- 3 |  4- 6 |  7- 9 | 10-12 || total
-------------------------+-------+-------+-------+-------++-------
Melee: Short sword       |   119 |    97 |       |       ||   216
       Trident           |       |       |   162 |   523 ||   685
 Fire: Bow               |    12 |    80 |   245 |   468 ||   805
Evoke: Wand              |       |     2 |     2 |    11 ||    15
  Use: Scroll            |       |     5 |     1 |    19 ||    25
       Potion            |       |       |     2 |     1 ||     3
 Stab: Sleeping          |       |       |       |     5 ||     5
